 Dungeon Crawl Stone Soup version 0.24-a0-183-g8902462 (webtiles) character file.

Game seed: 14562558894731154255

905 gruber the Vexing (level 8, 0/60 HPs)
             Began as a Gnoll Arcane Marksman on Mar 15, 2019.
             Was an Initiate of Vehumet.
             Killed from afar by Dowan (14 damage)
             ... with a stone arrow
             ... on level 5 of the Dungeon.
             The game lasted 00:12:35 (6009 turns).

gruber the Vexing (Gnoll Arcane Marksman)           Turns: 6009, Time: 00:12:36

Health: 0/60       AC:  5    Str: 13    XL:     8   Next: 8%
Magic:  4/14       EV: 22    Int: 17    God:    Vehumet [......]
Gold:   189        SH:  0    Dex: 21    Spells: 8/15 levels left

rFire    . . .     SeeInvis .   A - +4 hand axe
rCold    . . .     Gourm    .   (no shield)
rNeg     . . .     Faith    .   e - +0 robe
rPois    .         Spirit   .   (no helmet)
rElec    .         Reflect  .   (no cloak)
rCorr    .         Harm     .   (no gloves)
MR       .....                  m - +2 pair of boots
Stlth    +++.......             (no amulet)
HPRegen  0.20/turn              s - ring of wizardry
MPRegen  0.14/turn              z - +1 ring of evasion

@: agile, lethally poisoned (0 -> -8), lightly drained
A: distributed training, fangs 1, strong nose
a: Renounce Religion


You were on level 5 of the Dungeon.
You worshipped Vehumet.
Vehumet was noncommittal.
You were near starving.

You visited 1 branch of the dungeon, and saw 6 of its levels.

You collected 225 gold pieces.
You spent 36 gold pieces at shops.

Inventory:

Hand Weapons
 a - a +1 hand crossbow
 b - a +0 spear
 n - a +2 whip of flaming
 A - a +4 hand axe (weapon)
Missiles
 d - 35 bolts
Armour
 e - a +0 robe (worn)
 m - a +2 pair of boots (worn)
Jewellery
 g - an uncursed ring of resist corrosion
 o - an uncursed ring of ice
 s - a ring of wizardry (left hand)
 z - a +1 ring of evasion (right hand)
Wands
 i - a wand of polymorph (8)
 t - a wand of paralysis (5)
 x - a wand of acid (4)
Scrolls
 h - 6 scrolls of remove curse
 l - a scroll of amnesia
 p - a scroll of enchant weapon
 q - a scroll of random uselessness {unknown}
 u - a scroll of blinking {unknown}
 v - a scroll of magic mapping
 y - a scroll of identify
Potions
 c - 4 potions of curing
 k - a potion of might {unknown}
 r - a potion of lignification {unknown}
 w - a potion of flight {unknown}
 B - a potion of heal wounds
Comestibles
 f - 12 rations


   Skills:
 + Level 3.9(3.4) Fighting
 + Level 2.8(2.3) Short Blades
 + Level 2.8(2.3) Long Blades
 + Level 2.8(2.3) Axes
 + Level 2.8(2.3) Maces & Flails
 + Level 2.8(2.3) Polearms
 + Level 2.8(2.3) Staves
 + Level 2.8(2.3) Slings
 + Level 2.8(2.3) Bows
 + Level 5.4(4.9) Crossbows
 + Level 2.8(2.3) Throwing
 + Level 2.8(2.3) Armour
 + Level 5.4(4.9) Dodging
 + Level 2.8(2.3) Stealth
 + Level 2.8(2.3) Shields
 + Level 2.8(2.3) Unarmed Combat
 + Level 4.0(3.5) Spellcasting
 + Level 2.3(1.8) Conjurations
 + Level 6.0(5.4) Hexes
 + Level 2.3(1.8) Charms
 + Level 2.3(1.8) Summonings
 + Level 2.3(1.8) Necromancy
 + Level 2.3(1.8) Translocations
 + Level 2.3(1.8) Transmutations
 + Level 2.3(1.8) Fire Magic
 + Level 2.3(1.8) Ice Magic
 + Level 2.3(1.8) Air Magic
 + Level 2.3(1.8) Earth Magic
 + Level 2.3(1.8) Poison Magic
 + Level 3.1(2.6) Invocations
 + Level 2.8(2.3) Evocations


You had 8 spell levels left.
You knew the following spells:

 Your Spells              Type           Power        Failure   Level  Hunger
a - Corona                Hex            ###....      1%          1    None
b - Slow                  Hex            ###.....     1%          2    ##.....
c - Cause Fear            Hex            ###.......   7%          4    ####...

Your spell library contained the following spells:

 Spells                   Type           Power        Failure   Level  Hunger
 Inner Flame              Hex/Fire       ###.....     4%          3    ###....
 Portal Projectile        Hex/Tloc       ###...       4%          3    ###....
 Leda's Liquefaction      Hex/Erth       ###.......   16%         4    ####...


Dungeon Overview and Level Annotations

Branches:
Dungeon (6/15)             Temple (0/1) D:6

Altars:
Fedhas
Gozag
Hepliaklqana
Kikubaaqudgha
Qazlal
Sif Muna
Vehumet

Shops:
D:6 =!*

Annotations:
D:4 exclusion: oklob plant
D:5 Dowan
D:6 Menkaure


Innate Abilities, Weirdness & Mutations

Your experience applies equally to all skills.
You have very sharp teeth.
Your uncanny sense of smell can sniff out nearby items.


Message History

You barely miss Dowan.
You feel sick.
Duvessa says, "My weaknesses are his strengths!"
Duvessa misses you. Dowan hits you with a +0 dagger.
* * * LOW HITPOINT WARNING * * *
You hit Duvessa.
Duvessa is almost dead.
You hit Dowan.
You feel sick. Duvessa barely misses you. Dowan barely misses you.
You slash Duvessa!
You kill Duvessa!
Vehumet accepts your kill.
Dowan's eyes darken. "You have made a black mistake."
Dowan seems to find hidden reserves of power!
Your base Hexes skill increases to level 6!
You have reached level 8!
You feel agile.
You hit Dowan but do no damage.
You feel sick. Dowan closely misses you. Dowan casts a spell at you.
The stone arrow hits you!
You die...

###.. ##. ∆ ...
#. .. #. #.##
###. #..###..#
#### #..##..##
#..## #....##
#...## #...##
#@e.## #...#
#.)..######..##
#..........e.#
#....######..#
#..### ###.#
##.. .# ##. #.
## ##


You could see Dowan.

Vanquished Creatures
  Duvessa (D:5)
  A phantom (D:4)
  An ogre (D:4)
  A centaur (D:6)
  2 scorpions
  3 wights (D:6)
  2 hounds (D:6)
  Natasha (twice) (D:4)
  An iguana (D:4)
  A worker ant (D:5)
  6 adders
  2 oozes
  6 worms
  3 leopard geckos
  14 orcs
  A ball python (D:4)
  10 giant cockroaches
  4 goblins
  7 hobgoblins
  5 jackals (D:2)
  4 quokkas
  11 bats
  3 frilled lizards
  5 kobolds
  A leopard gecko skeleton (D:4)
  9 rats
106 creatures vanquished.

Notes
Turn   | Place    | Note
-------+----------+-------------------------------------------
     0 | D:1      | gruber the Gnoll Arcane Marksman began the quest for the
                  | Orb.
     0 | D:1      | Reached XP level 1. HP: 17/17 MP: 4/4
   345 | D:1      | Reached XP level 2. HP: 20/23 MP: 5/5
   741 | D:1      | Learned a level 2 spell: Slow
  1271 | D:2      | Reached XP level 3. HP: 26/28 MP: 5/7
  1542 | D:2      | Reached skill level 1 in Invocations
  1647 | D:2      | Reached skill level 1 in Short Blades
  1647 | D:2      | Reached skill level 1 in Long Blades
  1647 | D:2      | Reached skill level 1 in Axes
  1647 | D:2      | Reached skill level 1 in Maces & Flails
  1647 | D:2      | Reached skill level 1 in Polearms
  1647 | D:2      | Reached skill level 1 in Staves
  1647 | D:2      | Reached skill level 1 in Slings
  1647 | D:2      | Reached skill level 1 in Bows
  1647 | D:2      | Reached skill level 1 in Throwing
  1647 | D:2      | Reached skill level 1 in Armour
  1647 | D:2      | Reached skill level 1 in Stealth
  1647 | D:2      | Reached skill level 1 in Shields
  1647 | D:2      | Reached skill level 1 in Unarmed Combat
  1647 | D:2      | Reached skill level 1 in Evocations
  1647 | D:2      | Reached XP level 4. HP: 27/34 MP: 5/8
  1712 | D:2      | Reached skill level 1 in Conjurations
  1712 | D:2      | Reached skill level 1 in Charms
  1712 | D:2      | Reached skill level 1 in Summonings
  1712 | D:2      | Reached skill level 1 in Necromancy
  1712 | D:2      | Reached skill level 1 in Translocations
  1712 | D:2      | Reached skill level 1 in Transmutations
  1712 | D:2      | Reached skill level 1 in Fire Magic
  1712 | D:2      | Reached skill level 1 in Ice Magic
  1712 | D:2      | Reached skill level 1 in Air Magic
  1712 | D:2      | Reached skill level 1 in Earth Magic
  1712 | D:2      | Reached skill level 1 in Poison Magic
  1799 | D:2      | Reached XP level 5. HP: 19/40 MP: 3/9
  2175 | D:2      | Found a stormy altar of Qazlal.
  2340 | D:2      | Found a deep blue altar of Sif Muna.
  2706 | D:3      | Found a faded altar of an unknown god.
  2823 | D:3      | Found a hazy altar of Hepliaklqana.
  3540 | D:4      | Noticed an ogre
  3577 | D:4      | Killed an ogre
  3577 | D:4      | Reached XP level 6. HP: 41/47 MP: 3/11
  3680 | D:4      | Found a blossoming altar of Fedhas.
  3701 | D:4      | Noticed an oklob plant
  3818 | D:4      | Reached skill level 5 in Crossbows
  3818 | D:4      | Reached skill level 5 in Dodging
  3907 | D:4      | Found a radiant altar of Vehumet.
  3907 | D:4      | Noticed Natasha
  3926 | D:4      | Killed Natasha
  4441 | D:4      | Found an opulent altar of Gozag.
  4441 | D:4      | Noticed a phantom
  4484 | D:4      | Killed a phantom
  4484 | D:4      | Reached XP level 7. HP: 23/52 MP: 6/12
  4546 | D:4      | Became a worshipper of Vehumet
  4583 | D:4      | Noticed Natasha
  4591 | D:4      | Killed Natasha
  4785 | D:5      | Entered Level 5 of the Dungeon
  4789 | D:5      | Found an ancient bone altar of Kikubaaqudgha.
  4959 | D:5      | Noticed Duvessa
  4959 | D:5      | Noticed Dowan
  4993 | D:6      | Learned a level 4 spell: Cause Fear
  5030 | D:6      | Found Jiomukle's Jewellery Shoppe.
  5033 | D:6      | Bought a +1 ring of evasion for 36 gold pieces
  5278 | D:6      | Found a deep blue altar of Sif Muna.
  5289 | D:6      | Found a staircase to the Ecumenical Temple.
  5861 | D:6      | Found Meps's Assorted Antiques.
  5900 | D:6      | Found Ruchi's Distillery.
  5954 | D:6      | Noticed Menkaure
  6009 | D:5      | Killed Duvessa
  6009 | D:5      | Reached skill level 6 in Hexes
  6009 | D:5      | Reached XP level 8. HP: 14/60 MP: 4/14
  6009 | D:5      | Killed from afar by Dowan

Levels and vault maps discovered:
D:1:      erik_arrival_cave_to_civilisation [erik_arrival_cave_to_hall],
          layout_basic
D:2:      layout_basic, grunt_qazlal_clouds, led_sif_pool
D:3:      layout_basic, marbit_many_paths, chequers_ecumenical_altar_island,
          first_ration, gup_sewer_entry_spiral
D:4:      layout_loops_ring, nicolae_overflow_crystal_walls,
          kennysheep_little_box, tgw_fedhas, uniq_natasha
D:5:      layout_layer_cave, dancing_weapons_uskayaw, overflow_temple_1_default,
          dk_noncrumbling_2, nicolae_underground_beach, uniq_duvessa
D:6:      layout_loops_ring, overflow_temple_1_default, temple_green,
          serial_shops, nicolae_shop_waterfront, shop, kennysheep_mini,
          nemelex_diamond_rough_becter, uniq_menkaure

Skill      XL: |  1  2  3  4  5  6  7 |
---------------+----------------------+-----
Invocations    | 1 2 3 |  3.1
Short Blades   | 1 2 |  2.8
Long Blades    | 1 2 |  2.8
Axes           | 1 2 |  2.8
Maces & Flails | 1 2 |  2.8
Polearms       | 1 2 |  2.8
Staves         | 1 2 |  2.8
Slings         | 1 2 |  2.8
Bows           | 1 2 |  2.8
Throwing       | 1 2 |  2.8
Armour         | 1 2 |  2.8
Stealth        | 1 2 |  2.8
Shields        | 1 2 |  2.8
Unarmed Combat | 1 2 |  2.8
Evocations     | 1 2 |  2.8
Spellcasting   | 3 4 |  4.0
Conjurations   | 1 2 |  2.3
Charms         | 1 2 |  2.3
Summonings     | 1 2 |  2.3
Necromancy     | 1 2 |  2.3
Translocations | 1 2 |  2.3
Transmutations | 1 2 |  2.3
Fire Magic     | 1 2 |  2.3
Ice Magic      | 1 2 |  2.3
Air Magic      | 1 2 |  2.3
Earth Magic    | 1 2 |  2.3
Poison Magic   | 1 2 |  2.3
Fighting       | 3 |  3.9
Crossbows      | 5 |  5.4
Dodging        | 5 |  5.4
Hexes          | 6 |  6.0

Action                   |  1- 3 |  4- 6 |  7- 9 || total
-------------------------+-------+-------+-------++-------
Melee: Spear             |   201 |    85 |       ||   286
       Bite              |    16 |    17 |     7 ||    40
       Whip              |       |   112 |    39 ||   151
       Punch             |       |     1 |     1 ||     2
       Hand axe          |       |       |    40 ||    40
 Fire: Hand crossbow     |     6 |    33 |       ||    39
 Cast: Corona            |    15 |    26 |    14 ||    55
       Slow              |     2 |    23 |    17 ||    42
Evoke: Wand              |       |       |     1 ||     1
  Use: Scroll            |       |     5 |     1 ||     6
       Potion            |       |       |     4 ||     4
 Stab: Sleeping          |     6 |     3 |     1 ||    10
  Eat: Chunk             |     3 |    10 |     4 ||    17
Armor: Robe              |    46 |    26 |    15 ||    87
Dodge: Dodged            |   135 |   119 |    71 ||   325

Table legend:
 A = Non-vault XP
 B = Vault XP
 C = Vault XP percentage of total XP
 D = Non-vault monster count
 E = Vault monster count
 F = Vault count percentage of total count
                 A         B        C        D         E       F
            +---------+---------+-------+---------+---------+-------
      Total |    1093 |     201 |  15.5 |      98 |       8 |   7.5
            +---------+---------+-------+---------+---------+-------
        D:1 |      28 |       0 |   0.0 |      17 |       0 |   0.0
        D:2 |     152 |       0 |   0.0 |      29 |       0 |   0.0
        D:3 |      55 |      24 |  30.4 |      23 |       6 |  20.7
        D:4 |     446 |      35 |   7.3 |      19 |       1 |   5.0
        D:5 |      33 |     142 |  81.1 |       1 |       1 |  50.0
        D:6 |     379 |       0 |   0.0 |       9 |       0 |   0.0
            +---------+---------+-------+---------+---------+-------
